XFBL
BOSTON RED SOX @ OAKLAND ATHLETICS
06/01/1982
 
TOP OF THE 1ST
Boston Red Sox batting - Pitching for Oakland Athletics : RHP Ron G Davis
Pitching: RHP Ron G Davis
Batting: SHB Dave Collins 0-0: Foul Ball, location: 2F
0-1: Foul Ball, location: 2F
0-2: Ball
1-2: SINGLE (Groundball, 3S, EV 66.9 MPH) (infield hit)
Batting: LHB Willie Aikens 0-0: Ball
1-0: Ball
2-0: Swinging Strike
2-1: Foul Ball, location: 2F
2-2: Ball
3-2: SINGLE (Groundball, 34D, EV 108.1 MPH) (infield hit)
Dave Collins to second
Batting: RHB Jeff Burroughs 0-0: Ball
1-0: Ball
2-0: Foul Ball, location: 2F
2-1: Swinging Strike
2-2: Ball
3-2: Base on Balls
Dave Collins to third
Willie Aikens to second
Batting: LHB George Brett 0-0: Ball
1-0: Ball
2-0: Ball
3-0: Called Strike
3-1: Base on Balls
Dave Collins scores
Willie Aikens to third
Jeff Burroughs to second
Batting: LHB Claudell Washington 0-0: Called Strike
0-1: Ball
1-1: SINGLE (Line Drive, 78M, EV 105.0 MPH)
Willie Aikens scores
Jeff Burroughs to third
George Brett to second
Batting: SHB Phil Ouellette 0-0: Ground out 6-3 (Groundball, P, EV 93.1 MPH)
Jeff Burroughs scores
George Brett to third
Claudell Washington to second
Batting: LHB Daryl Sconiers 0-0: Ball
1-0: Foul Ball, location: 2F
1-1: Foul Ball, location: 2F
1-2: Ball
2-2: Ball
3-2: Hit by Pitch
Batting: RHB Mark Grady 0-0: Called Strike
0-1: Ball
1-1: Called Strike
1-2: Foul Ball, location: 2F
1-2: Ball
2-2: Fly out, F8 (Flyball, 8LD, EV 89.4 MPH)
Runner from 3rd tags up, SCORES, throw by CF
Batting: RHB Kevin Klettke 0-0: Called Strike
0-1: Ball
1-1: Ball
2-1: Ball
3-1: Foul Ball, location: 2F
3-2: SINGLE (Line Drive, 78M, EV 93.1 MPH)
Claudell Washington to third
Daryl Sconiers to second
Claudell Washington scores
Daryl Sconiers to third
Batting: SHB Dave Collins 0-0: Fly out, F9 (Line Drive, 9, EV 88.8 MPH)
Top of the 1st over - 5 runs, 4 hits, 0 errors, 2 left on base; Boston 5 - Oakland 0
BOTTOM OF THE 1ST
Oakland Athletics batting - Pitching for Boston Red Sox : LHP Victor Rose
Pitching: LHP Victor Rose
Batting: SHB Mike Turgeon 0-0: Ball
1-0: Fly out, F8 (Flyball, 8LM, EV 83.8 MPH)
Batting: LHB Ruppert Jones 0-0: SINGLE (Groundball, 34D, EV 101.9 MPH) (infield hit)
Batting: RHB Dave Henderson 0-0: Ball
1-0: Called Strike
1-1: Foul Ball, location: 2F
1-2: Ball
2-2: Strikes out swinging
Batting: LHB Reggie Jackson 0-0: Called Strike
0-1: Ground out 2-3 (Groundball, 15S, EV 72.5 MPH)
Bottom of the 1st over - 0 runs, 1 hit, 0 errors, 1 left on base; Boston 5 - Oakland 0
TOP OF THE 2ND
Boston Red Sox batting - Pitching for Oakland Athletics : RHP Ron G Davis
Batting: LHB Willie Aikens 0-0: Called Strike
0-1: Foul Ball, location: 2F
0-2: Ball
1-2: Ground out U3 (Groundball, 34, EV 106.9 MPH)
Batting: RHB Jeff Burroughs 0-0: Foul Ball, location: 2F
0-1: SINGLE (Flyball, 8RS, EV 91.3 MPH)
Batting: LHB George Brett 0-0: Ball
1-0: Foul Ball, location: 2F
1-1: Called Strike
1-2: Ball
2-2: Strikes out swinging
Batting: LHB Claudell Washington 0-0: Foul Ball, location: 2F
0-1: Ball
1-1: Called Strike
1-2: Fly out, F6 (Flyball, 5D, EV 90.6 MPH)
Top of the 2nd over - 0 runs, 1 hit, 0 errors, 1 left on base; Boston 5 - Oakland 0
BOTTOM OF THE 2ND
Oakland Athletics batting - Pitching for Boston Red Sox : LHP Victor Rose
Batting: LHB Ben Oglivie 0-0: Ball
1-0: Ball
2-0: Swinging Strike
2-1: Ball
3-1: Base on Balls
Batting: RHB Barry Evans 0-0: Ball
1-0: Ball
2-0: Ball
3-0: Called Strike
3-1: Called Strike
3-2: Base on Balls
Ben Oglivie to second
Batting: RHB Willie Darkis 0-0: Called Strike
0-1: Foul Ball, location: 2F
0-2: Foul Ball, location: 2F
0-2: Ball
1-2: Fly out, F7 (Flyball, 78D, EV 92.5 MPH)
Batting: RHB Earl C Williams 0-0: Reached on error, E5 (Groundball, 5, EV 85.0 MPH)
Ben Oglivie to third
Barry Evans to second
Batting: RHB Fred Andrews 0-0: Called Strike
0-1: Fly out, F3 (Flyball, 3D, EV 88.8 MPH)
Batting: SHB Mike Turgeon 0-0: Ball
1-0: Swinging Strike
1-1: Ball
2-1: Swinging Strike
2-2: Strikes out looking
Bottom of the 2nd over - 0 runs, 0 hits, 1 error, 3 left on base; Boston 5 - Oakland 0
TOP OF THE 3RD
Boston Red Sox batting - Pitching for Oakland Athletics : RHP Ron G Davis
Batting: SHB Phil Ouellette 0-0: Fly out, F7 (Flyball, 7, EV 92.5 MPH)
Batting: LHB Daryl Sconiers 0-0: Swinging Strike
0-1: Ball
1-1: Ball
2-1: Called Strike
2-2: Strikes out swinging
Batting: RHB Mark Grady 0-0: Swinging Strike
0-1: Foul Ball, location: 2F
0-2: SINGLE (Groundball, 34S, EV 95.6 MPH)
Batting: RHB Kevin Klettke 0-0: Called Strike
0-1: Foul Ball, location: 2F
0-2: Foul Ball, location: 2F
0-2: Ball
1-2: Foul Ball, location: 2F
1-2: Fielders Choice at 2nd, 5-4 (Groundball, 56, EV 107.5 MPH)
Top of the 3rd over - 0 runs, 1 hit, 0 errors, 1 left on base; Boston 5 - Oakland 0
BOTTOM OF THE 3RD
Oakland Athletics batting - Pitching for Boston Red Sox : LHP Victor Rose
Batting: LHB Ruppert Jones 0-0: Ball
1-0: Ball
2-0: Ball
3-0: Called Strike
3-1: Base on Balls
Batting: RHB Dave Henderson 0-0: Called Strike
0-1: Ball
1-1: Ball
2-1: Ball
3-1: Grounds into double play, 5-4-3 (Groundball, 56, EV 78.1 MPH)
Batting: LHB Reggie Jackson 0-0: Foul Ball, location: 2F
0-1: Ball
1-1: Swinging Strike
1-2: Ball
2-2: Ground out U3 (Groundball, 3L, EV 92.5 MPH)
Bottom of the 3rd over - 0 runs, 0 hits, 0 errors, 0 left on base; Boston 5 - Oakland 0
TOP OF THE 4TH
Boston Red Sox batting - Pitching for Oakland Athletics : RHP Ron G Davis
Batting: SHB Dave Collins 0-0: Called Strike
0-1: Ball
1-1: Swinging Strike
1-2: Ball
2-2: Ground out 4-3 (Groundball, 4, EV 93.1 MPH)
Batting: LHB Willie Aikens 0-0: Ball
1-0: Foul Ball, location: 2F
1-1: Ball
2-1: Swinging Strike
2-2: Strikes out swinging
Batting: RHB Jeff Burroughs 0-0: Ball
1-0: Foul Ball, location: 2F
1-1: Ball
2-1: Fly out, F3 (Popup, 3SF, EV 76.3 MPH)
Top of the 4th over - 0 runs, 0 hits, 0 errors, 0 left on base; Boston 5 - Oakland 0
BOTTOM OF THE 4TH
Oakland Athletics batting - Pitching for Boston Red Sox : LHP Victor Rose
Batting: LHB Ben Oglivie 0-0: Ball
1-0: Swinging Strike
1-1: Ball
2-1: Fly out, F8 (Line Drive, 8RM, EV 93.8 MPH)
Batting: RHB Barry Evans 0-0: Ball
1-0: Ball
2-0: Called Strike
2-1: Ball
3-1: Called Strike
3-2: Fly out, F6 (Flyball, 6D, EV 84.4 MPH)
Batting: RHB Willie Darkis 0-0: TRIPLE (Flyball, 89XD, EV 90.6 MPH)
Batting: RHB Earl C Williams 0-0: Called Strike
0-1: Foul Ball, location: 2F
0-2: Ball
1-2: Ball
2-2: Strikes out swinging
Bottom of the 4th over - 0 runs, 1 hit, 0 errors, 1 left on base; Boston 5 - Oakland 0
TOP OF THE 5TH
Boston Red Sox batting - Pitching for Oakland Athletics : RHP Ron G Davis
Batting: LHB George Brett 0-0: Foul Ball, location: 2F
0-1: Swinging Strike
0-2: SOLO HOME RUN (Flyball, 9D, EV 96.9 MPH), Distance : 383 ft
Pitching: RHP Neil Allen
Batting: LHB Claudell Washington 0-0: SINGLE (Groundball, 34D, EV 107.5 MPH)
Batting: SHB Phil Ouellette 0-0: Ball
1-0: Ball
2-0: Fly out, F8 (Flyball, 8LM, EV 81.3 MPH)
Batting: LHB Daryl Sconiers 0-0: SINGLE (Groundball, 56D, EV 105.6 MPH)
Claudell Washington to second
Runner from 2nd tries for 3rd, SAFE, throw by LF made to third
Batting: RHB Mark Grady 0-0: Ball
1-0: Ball
2-0: Swinging Strike
2-1: Ball
3-1: Called Strike
3-2: Foul Ball, location: 2F
3-2: Fly out, F9 (Flyball, 9D, EV 96.3 MPH)
Runner from 3rd tags up, SCORES, no throw by RF
Batting: RHB Kevin Klettke 0-0: Foul Ball, location: 2F
0-1: Swinging Strike
0-2: Ball
1-2: Foul Ball, location: 2F
1-2: Strikes out swinging
Top of the 5th over - 2 runs, 3 hits, 0 errors, 1 left on base; Boston 7 - Oakland 0
BOTTOM OF THE 5TH
Oakland Athletics batting - Pitching for Boston Red Sox : LHP Victor Rose
Batting: RHB Fred Andrews 0-0: Ball
1-0: Called Strike
1-1: Ball
2-1: Foul Ball, location: 2F
2-2: Strikes out swinging
Batting: SHB Mike Turgeon 0-0: Foul Ball, location: 2F
0-1: Swinging Strike
0-2: Strikes out looking
Batting: LHB Ruppert Jones 0-0: Swinging Strike
0-1: Ball
1-1: Swinging Strike
1-2: Strikes out looking
Bottom of the 5th over - 0 runs, 0 hits, 0 errors, 0 left on base; Boston 7 - Oakland 0
TOP OF THE 6TH
Boston Red Sox batting - Pitching for Oakland Athletics : RHP Neil Allen
Batting: SHB Dave Collins 0-0: Foul Ball, location: 2F
0-1: Ball
1-1: Swinging Strike
1-2: Ball
2-2: Foul Ball, location: 2F
2-2: Strikes out swinging
Batting: LHB Willie Aikens 0-0: Called Strike
0-1: SINGLE (Line Drive, 34, EV 105.6 MPH)
Batting: RHB Jeff Burroughs 0-0: Called Strike
0-1: Grounds into double play, 4-6-3 (Groundball, 4, EV 110.6 MPH)
Top of the 6th over - 0 runs, 1 hit, 0 errors, 0 left on base; Boston 7 - Oakland 0
BOTTOM OF THE 6TH
Oakland Athletics batting - Pitching for Boston Red Sox : LHP Victor Rose
Batting: RHB Dave Henderson 0-0: Called Strike
0-1: Ball
1-1: Ball
2-1: Foul Ball, location: 2F
2-2: Ball
3-2: Strikes out swinging
Batting: LHB Reggie Jackson 0-0: Ball
1-0: Called Strike
1-1: Ball
2-1: Ball
3-1: Ground out 6-3 (Groundball, 6, EV 104.4 MPH)
Batting: LHB Ben Oglivie 0-0: Ball
1-0: Ball
2-0: Ball
3-0: Called Strike
3-1: Called Strike
3-2: Base on Balls
Batting: RHB Barry Evans 0-0: Ball
Ben Oglivie steals 2nd base (no throw)
1-0: Ball
2-0: Foul Ball, location: 2F
2-1: Called Strike
2-2: SINGLE (Line Drive, 89S, EV 98.8 MPH)
Ben Oglivie to third
Runner from 3rd tries for Home, throw by CF and OUT! 8-2
Bottom of the 6th over - 0 runs, 1 hit, 0 errors, 1 left on base; Boston 7 - Oakland 0
TOP OF THE 7TH
Boston Red Sox batting - Pitching for Oakland Athletics : RHP Neil Allen
Batting: LHB George Brett 0-0: Ball
1-0: Ball
2-0: Ball
3-0: Base on Balls
Batting: LHB Claudell Washington 0-0: Ball
1-0: Swinging Strike
1-1: Swinging Strike
1-2: SINGLE (Groundball, 34D, EV 94.4 MPH)
George Brett to second
Batting: SHB Phil Ouellette 0-0: Ball
1-0: Foul Ball, location: 2F
1-1: Foul Ball, location: 2F
1-2: Foul Ball, location: 2F
1-2: Foul Ball, location: 2F
1-2: Foul Ball, location: 2F
1-2: Ball
2-2: Fly out, F4 (Flyball, 34D, EV 85.6 MPH)
Batting: LHB Daryl Sconiers 0-0: Swinging Strike
0-1: Called Strike
0-2: Ball
1-2: Ball
2-2: SINGLE (Line Drive, 6MD, EV 99.4 MPH)
George Brett to third
Claudell Washington to second
Runner from 3rd tries for Home, SAFE, throw by CF to home
Pitching: LHP Bob Falcon
Batting: RHB Mark Grady 0-0: Ball
1-0: Foul Ball, location: 2F
1-1: Swinging Strike
1-2: Strikes out swinging
Batting: RHB Kevin Klettke 0-0: Called Strike
0-1: Ball
1-1: Ball
2-1: Foul Ball, location: 2F
2-2: Fielders Choice at 2nd, 6-4 (Groundball, 6, EV 101.9 MPH)
Top of the 7th over - 1 run, 2 hits, 0 errors, 2 left on base; Boston 8 - Oakland 0
BOTTOM OF THE 7TH
Oakland Athletics batting - Pitching for Boston Red Sox : LHP Victor Rose
Batting: RHB Willie Darkis 0-0: Swinging Strike
0-1: Ground out 6-3 (Groundball, 6, EV 98.1 MPH)
Pitching: RHP Don Sutton
Batting: RHB Earl C Williams 0-0: Ball
1-0: Ball
2-0: Ball
3-0: Called Strike
3-1: Ground out 4-3 (Groundball, 4MD, EV 100.0 MPH)
Batting: RHB Fred Andrews 0-0: Called Strike
0-1: Ball
1-1: Swinging Strike
1-2: Strikes out swinging
Bottom of the 7th over - 0 runs, 0 hits, 0 errors, 0 left on base; Boston 8 - Oakland 0
TOP OF THE 8TH
Boston Red Sox batting - Pitching for Oakland Athletics : LHP Bob Falcon
Batting: SHB Dave Collins 0-0: SINGLE (Line Drive, 6M, EV 98.8 MPH)
Batting: LHB Willie Aikens 0-0: Ball
1-0: Foul Ball, location: 2F
1-1: Ball
2-1: Swinging Strike
2-2: Foul Ball, location: 2F
2-2: Ball
3-2: Base on Balls
Dave Collins to second
Batting: RHB Jeff Burroughs 0-0: Ball
1-0: Called Strike
1-1: Foul Ball, location: 2F
1-2: Strikes out looking
Batting: LHB George Brett 0-0: Called Strike
0-1: Fly out, F9 (Flyball, 89XD, EV 96.3 MPH)
Batting: LHB Claudell Washington 0-0: Ball
1-0: Ball
2-0: SINGLE (Groundball, 4M, EV 102.5 MPH) (infield hit)
Dave Collins to third
Willie Aikens to second
Batting: SHB Phil Ouellette 0-0: Ball
1-0: Foul Ball, location: 2F
1-1: Ball
Wild Pitch!
Dave Collins scores
Willie Aikens to third
Claudell Washington to second
2-1: Swinging Strike
2-2: Strikes out swinging
Top of the 8th over - 1 run, 2 hits, 0 errors, 2 left on base; Boston 9 - Oakland 0
BOTTOM OF THE 8TH
Oakland Athletics batting - Pitching for Boston Red Sox : RHP Don Sutton
Batting: SHB Mike Turgeon 0-0: Called Strike
0-1: Ground out 3-1 (Groundball, 34S, EV 88.8 MPH)
Batting: LHB Ruppert Jones 0-0: Foul Ball, location: 2F
0-1: Ball
1-1: Ball
2-1: Foul Ball, location: 2F
2-2: Foul Ball, location: 2F
2-2: Fly out, F8 (Flyball, 89M, EV 93.1 MPH)
Batting: RHB Dave Henderson 0-0: Ball
1-0: Foul Ball, location: 2F
1-1: Called Strike
1-2: Strikes out swinging
Bottom of the 8th over - 0 runs, 0 hits, 0 errors, 0 left on base; Boston 9 - Oakland 0
TOP OF THE 9TH
Boston Red Sox batting - Pitching for Oakland Athletics : LHP Bob Falcon
Batting: LHB Daryl Sconiers 0-0: Foul Ball, location: 2F
0-1: SINGLE (Groundball, 6D, EV 106.9 MPH)
Batting: RHB Mark Grady 0-0: Called Strike
0-1: Ball
Wild Pitch!
Daryl Sconiers to second
1-1: Fly out, F9 (Flyball, 9LM, EV 94.4 MPH)
Batting: RHB Kevin Klettke 0-0: Ball
1-0: Ball
2-0: Hit by Pitch
Batting: SHB Dave Collins 0-0: SINGLE (Groundball, 6MD, EV 99.4 MPH)
Daryl Sconiers to third
Kevin Klettke to second
Runner from 3rd tries for Home, SAFE, throw by CF to home
Batting: LHB Willie Aikens 0-0: Ball
1-0: Swinging Strike
1-1: Swinging Strike
1-2: Foul Ball, location: 2F
1-2: Strikes out swinging
Batting: RHB Jeff Burroughs 0-0: Called Strike
0-1: Called Strike
0-2: Ball
1-2: Foul Ball, location: 2F
1-2: Strikes out swinging
Top of the 9th over - 1 run, 2 hits, 0 errors, 2 left on base; Boston 10 - Oakland 0
BOTTOM OF THE 9TH
Oakland Athletics batting - Pitching for Boston Red Sox : RHP Don Sutton
Batting: LHB Reggie Jackson 0-0: Swinging Strike
0-1: Called Strike
0-2: Foul Ball, location: 2F
0-2: Ball
1-2: Strikes out looking
Batting: LHB Ben Oglivie 0-0: Foul Ball, location: 2F
0-1: Called Strike
0-2: Ball
1-2: Strikes out swinging
Batting: RHB Barry Evans 0-0: Ball
1-0: Ball
2-0: Ball
3-0: Base on Balls
Batting: RHB Willie Darkis 0-0: Called Strike
0-1: Swinging Strike
0-2: Fielders Choice at 2nd, 6-4 (Groundball, 6, EV 80.0 MPH)
Bottom of the 9th over - 0 runs, 0 hits, 0 errors, 1 left on base; Boston 10 - Oakland 0
Wednesday, August 5th, 2020 - OOTP Baseball 21.5 Build 76